 Dungeon Crawl Stone Soup version 0.24.1-8-ga250c9d538 (webtiles) character file.

Game seed: 8181684556975841024, levelgen mode: deterministic

39 Moonwind the Skirmisher (level 3, -4/24 HPs)
             Began as a Gargoyle Chaos Knight on Apr 29, 2020.
             Was a Plaything of Xom.
             Killed from afar by a shock serpent (glowing shapeshifter) (9 damage)
             ... with a bolt of electricity
             ... on level 2 of the Dungeon.
             The game lasted 00:07:29 (973 turns).

Moonwind the Skirmisher (Gargoyle Chaos Knight)      Turns: 973, Time: 00:07:37

Health: -4/24      AC:  8    Str: 16    XL:     3   Next: 47%
Magic:  3/3        EV: 11    Int: 17    God:    Xom [..*...]
Gold:   15         SH:  0    Dex:  9    Spells: 2/2 levels left

rFire    . . .     SeeInvis .   a - +0 mace (chaos)
rCold    . . .     Gourm    .   (no shield)
rNeg     + . .     Faith    .   b - +2 leather armour
rPois    ∞         Spirit   .   (no helmet)
rElec    +         Reflect  .   (no cloak)
rCorr    .         Harm     .   (no gloves)
MR       .....                  (no boots)
Stlth    +.........             (no amulet)
HPRegen  0.08/turn              (no ring)
MPRegen  0.08/turn              (no ring)

@: brilliant
A: negative energy resistance 1, electricity resistance, unbreathing,
petrification resistance, rot immunity, AC +3
a: Renounce Religion


You were on level 2 of the Dungeon.
You worshipped Xom.
You were a toy of Xom.
You were not hungry.

You visited 1 branch of the dungeon, and saw 2 of its levels.

You collected 15 gold pieces.

Inventory:

Hand Weapons
 a - a +0 mace of chaos (weapon)
Armour
 b - a +2 leather armour (worn)
Jewellery
 g - an uncursed ring of protection from magic {unknown}
 h - an uncursed ring of poison resistance {unknown}
Scrolls
 d - 2 scrolls of identify {unknown}
 e - 2 scrolls of enchant weapon {unknown}
 f - a scroll of teleportation {unknown}
Comestibles
 c - 2 rations
 j - a chunk of flesh


   Skills:
 + Level 4.1 Fighting
 + Level 3.3 Maces & Flails
 + Level 2.5 Armour
 + Level 1.1 Dodging
 + Level 0.1 Stealth


You had 2 spell levels left.
You didn't know any spells.
Your spell library was empty.

Dungeon Overview and Level Annotations

Branches:
Dungeon (2/15)

Altars:
Ashenzari
Fedhas


Innate Abilities, Weirdness & Mutations

You are resistant to torment.
Your stone body is resilient. (AC +3)
You are immune to poison.
You resist negative energy. (rN+)
You are resistant to electric shocks. (rElec)
You can survive without breathing.
You are immune to petrification.
You are immune to rotting.


Message History

The meliai changes into a guardian serpent!
The guardian serpent changes into a komodo dragon!
The komodo dragon changes into a death drake!
There is a blossoming altar of Fedhas here.
The death drake bites you.
* * * LOW HITPOINT WARNING * * *
Your white imp gestures at the hobgoblin.
The puff of frost hits the hobgoblin.
The hobgoblin dies!
The death drake bites you but does no damage.
The death drake changes into a manticore!
The manticore changes into a shock serpent!
Your white imp misses the shock serpent.
Your white imp gestures at the shock serpent.
The puff of frost hits the shock serpent!
The shock serpent's electric aura discharges, shocking your white imp!
The shock serpent shoots out a bolt of lightning at you!
The bolt of electricity hits you! You resist.
You die...
Xom snickers!

#.#.######### #......# .#
..#.##......######.....(##.#
#†#..'.†>...............†..+
#h####..................#%.#
#.# #............÷.....#..#
#.# #.............######....
#'#######.##.....<.+ #..#.#
......####################.#.#
.††.............@...S....#.# #
......#...#...#...#5..#..#.#
.†......§.........)....._#.#
......#...#.^.#...#...#..#
.........................#
......####################
......... ######..... ......


You could see a shock serpent shaped shifter and a friendly white imp.

Vanquished Creatures
  A worm (D:2)
  A leopard gecko (D:1)
  5 bats
  2 giant cockroaches (D:1)
  2 goblins (D:1)
  3 hobgoblins (D:1)
  3 jackals (D:2)
  5 kobolds
  A quokka (D:2)
  3 frilled lizards (D:1)
  7 rats
33 creatures vanquished.

Vanquished Creatures (collateral kills)
  A hobgoblin (D:2)
1 creature vanquished.

Grand Total: 34 creatures vanquished

Notes
Turn   | Place    | Note
-------+----------+-------------------------------------------
     0 | D:1      | Moonwind the Gargoyle Chaos Knight began the quest for the
                  | Orb.
     0 | D:1      | Reached XP level 1. HP: 14/14 MP: 1/1
   117 | D:1      | Reached XP level 2. HP: 20/20 MP: 2/2
   120 | D:1      | Found a shattered altar of Ashenzari.
   183 | D:1      | Reached skill level 4 in Fighting
   249 | D:1      | Reached skill level 1 in Dodging
   249 | D:1      | Reached XP level 3. HP: 22/24 MP: 3/3
   777 | D:1      | XOM: silly message
   861 | D:2      | Noticed a glowing shapeshifter
   861 | D:2      | a jackal changed into a glowing shapeshifter
   861 | D:2      | Noticed a redback
   861 | D:2      | a glowing shapeshifter changed into a redback
   863 | D:2      | XOM: butterfly on damage
   865 | D:2      | Noticed a fire crab
   865 | D:2      | a redback changed into a fire crab
   870 | D:2      | Noticed a redback
   870 | D:2      | a fire crab changed into a redback
   871 | D:2      | XOM: potion effect (curing)
   871 | D:2      | Noticed a cyclops
   871 | D:2      | a redback changed into a cyclops
   873 | D:2      | XOM: harmless Chrm miscast
   873 | D:2      | Noticed a dream sheep
   873 | D:2      | a cyclops changed into a dream sheep
   876 | D:2      | Noticed a swamp worm
   876 | D:2      | a dream sheep changed into a swamp worm
   878 | D:2      | Noticed a water nymph
   878 | D:2      | a swamp worm changed into a water nymph
   882 | D:2      | Noticed a swamp worm
   882 | D:2      | a water nymph changed into a swamp worm
   885 | D:2      | XOM: potion effect (brilliance)
   885 | D:2      | Noticed a snapping turtle
   885 | D:2      | a swamp worm changed into a snapping turtle
   888 | D:2      | Noticed an elephant
   888 | D:2      | a snapping turtle changed into an elephant
   896 | D:2      | Noticed a lindwurm
   930 | D:2      | Noticed an acid dragon
   931 | D:2      | XOM: divination: detect creatures
   931 | D:2      | Noticed a wolf
   931 | D:2      | an acid dragon changed into a wolf
   935 | D:2      | Noticed a boggart
   937 | D:2      | Noticed a killer bee
   937 | D:2      | a boggart changed into a killer bee
   939 | D:2      | a killer bee changed into a river rat
   944 | D:2      | Noticed a sky beast
   945 | D:2      | Noticed a wyvern
   945 | D:2      | a sky beast changed into a wyvern
   945 | D:2      | Noticed a centaur
   945 | D:2      | a wyvern changed into a centaur
   949 | D:2      | Noticed an acid dragon
   949 | D:2      | a centaur changed into an acid dragon
   950 | D:2      | XOM: summons friendly white imp
   952 | D:2      | Found a blossoming altar of Fedhas.
   953 | D:2      | Noticed a golden eye
   953 | D:2      | an acid dragon changed into a golden eye
   954 | D:2      | Noticed a hornet
   954 | D:2      | a golden eye changed into a hornet
   955 | D:2      | XOM: potion effect (brilliance)
   956 | D:2      | Noticed a meliai
   956 | D:2      | a hornet changed into a meliai
   958 | D:2      | Noticed a guardian serpent
   958 | D:2      | a meliai changed into a guardian serpent
   959 | D:2      | Noticed a komodo dragon
   959 | D:2      | a guardian serpent changed into a komodo dragon
   960 | D:2      | Noticed a death drake
   960 | D:2      | a komodo dragon changed into a death drake
   971 | D:2      | Noticed a manticore
   971 | D:2      | a death drake changed into a manticore
   972 | D:2      | Noticed a shock serpent
   972 | D:2      | a manticore changed into a shock serpent
   973 | D:2      | Killed from afar by a shock serpent (glowing shapeshifter)

Levels and vault maps discovered:
D:1:      onia_arrival_larder, layout_basic, ashenzari_altar_1
D:2:      layout_basic, lemuel_coloured_pillars_altar,
          chequers_ecumenical_altar_simple, serial_bayou, serial_bayou_lagoon_b,
          serial_bayou_pond_d, serial_bayou_shore_b, serial_bayou_pond_b,
          first_ration, uniq_crazy_yiuf_cottage, uniq_sigmund, uniq_robin

Skill      XL: |  1  2 |
---------------+-------+-----
Fighting       | 4 |  4.1
Dodging        | 1 |  1.1
Maces & Flails | |  3.3
Armour         | |  2.5
Stealth        | |  0.1

Action                   || total
-------------------------++-------
Melee: Mace              ||    81
  Use: Potion            ||     3
Armor: Leather armour    ||    39
Dodge: Dodged            ||    65
